 Dungeon Crawl Stone Soup version 0.29.0-4-gdea44cf6ec (webtiles) character file.

Game seed: 1166569210653447137

25 qw the Chopper (level 3, -2/21 HPs)
             Began as a Tengu Warper on Aug 28, 2022.
             Slain by Natasha (5 damage)
             ... on level 2 of the Dungeon.
             The game lasted 00:00:06 (1376 turns).

qw the Chopper (Tengu Warper)                       Turns: 1376, Time: 00:00:07

Health: -2/21      AC:  3    Str: 13    XL:     3   Next: 6%
Magic:  7/7        EV: 12    Int: 13    God:
Gold:   53         SH:  0    Dex: 13    Spells: 6/6 levels left

rFire   . . .      SeeInvis .   Y - +0 hand axe
rCold   . . .      Faith    .   (no shield)
rNeg    . . .      Spirit   .   g - +1 robe {Will+}
rPois   .          Reflect  .   (helmet restricted)
rElec   .          Harm     .   (no cloak)
rCorr   .          Rampage  .   (no gloves)
Will    +....                   (boots unavailable)
Stlth   +.........              (no amulet)
HPRegen 0.07/turn               (no ring)
MPRegen 0.10/turn               (no ring)

@: no status effects
A: beak, talons 3
a: no special abilities


You were on level 2 of the Dungeon.
You visited 1 branch of the dungeon, and saw 2 of its levels.

You collected 53 gold pieces.


Innate Abilities, Weirdness & Mutations

You have a beak for a mouth.
You have claws for feet.


   Skills:
 - Level 2.0 Fighting
 + Level 3.8 Axes
 - Level 1.0 Throwing
 - Level 1.1 Armour
 - Level 2.1 Dodging
 - Level 2.0 Spellcasting
 - Level 2.4 Translocations


You had 6 spell levels left.
You didn't know any spells.
Your spell library contained the following spells:

 Spells                   Type           Power      Damage    Failure   Level
 Blink                    Tloc           14%        N/A       14%         2
 Gell's Gravitas          Tloc           7%         N/A       28%         3
 Lesser Beckoning         Tloc           7%         N/A       28%         3
 Teleport Other           Tloc           7%         N/A       28%         3
 Manifold Assault         Tloc           7%         N/A       95%         5

Inventory:

Hand Weapons
 d - a +0 club
 Y - a +0 hand axe (weapon)
Armour
 b - a +0 leather armour
 g - a +1 robe of willpower (worn)
Potions
 f - 2 potions of resistance
 j - a potion of might {unknown}
 k - a potion of heal wounds {unknown}

Dungeon Overview and Level Annotations

Branches:
Dungeon (2/15)

Altars:

Annotations:
D:2 Natasha


Message History

The hobgoblin is heavily wounded.
The hobgoblin hits you.
You hit the hobgoblin.
You kill the hobgoblin!
You start resting.
HP restored.
Done exploring.
(D) Dungeon
Where to? (* - list waypoints, Enter - D:2, ? - help)
What level of the Dungeon? (default 1, ? - help)
There is a stone staircase leading down, spattered with blood here.
You see here a hobgoblin corpse.
You climb downwards.
Level annotation: Natasha The endoplasm freezes you.
You are frozen.
The endoplasm freezes you.
You are frozen.
There is a stone staircase leading up here.
You slash Natasha! You peck Natasha, but do no damage.
Natasha is heavily wounded.
You hit the endoplasm. Natasha claws you.
The endoplasm hits you but does no damage.
You closely miss Natasha. Your kick misses Natasha.
Natasha is heavily wounded.
You hit the endoplasm. Natasha claws you.
The endoplasm hits you but does no damage.
You hit the endoplasm.
You claw the endoplasm, but do no damage.
The endoplasm is almost dead.
You hit Natasha. Natasha barely misses you. The endoplasm barely misses you.
You hit the endoplasm.
You kill the endoplasm!
You hit Natasha.
Natasha hisses.
Natasha barely misses you. Natasha claws you.
You die...

#..........#
#..........#
#..........###.
#..............
#..............
#...........#
#...........##.
#.....h........
#.....@........
###............
#............
#............
#............
###..#.....##
#..#....##
##.#...##


You could see Natasha.

Vanquished Creatures
  2 ball pythons (D:1)
  4 endoplasms
  A giant cockroach (D:1)
  3 hobgoblins (D:1)
  A kobold (D:1)
  A quokka (D:1)
  3 bats (D:1)
  4 frilled lizards (D:1)
  4 goblins (D:1)
  A rat (D:1)
24 creatures vanquished.

Notes
Turn   | Place    | Note
-------+----------+-------------------------------------------
     0 | D:1      | qw the Tengu Warper began the quest for the Orb.
     0 | D:1      | Reached XP level 1. HP: 12/12 MP: 4/4
     0 | D:1      | 0 ||| qw: Version: 0.1-a-89-g26bdef1
     0 | D:1      | 0 ||| qw: Game counter: 41
     0 | D:1      | 0 ||| qw: Always use a shield: true
     0 | D:1      | 0 ||| qw: God list: Okawaru
     0 | D:1      | 0 ||| qw: Allow faded altars: false
     0 | D:1      | 0 ||| qw: Do Orc after D:15 true
     0 | D:1      | 0 ||| qw: Do second Lair branch before Depths: true
     0 | D:1      | 0 ||| qw: Lair rune preference: random
     0 | D:1      | 0 ||| qw: Plans: Normal
     0 | D:1      | 0 ||| PLANNING D:1-11
    48 | D:1      | 48 ||| Stepping ~*~*~tactically~*~*~ (stealth).
    49 | D:1      | 49 ||| Stepping ~*~*~tactically~*~*~ (stealth).
    76 | D:1      | 76 ||| Stepping ~*~*~tactically~*~*~ (stealth).
    77 | D:1      | 77 ||| Stepping ~*~*~tactically~*~*~ (stealth).
   134 | D:1      | Reached skill level 3 in Axes
   134 | D:1      | Reached XP level 2. HP: 17/17 MP: 6/6
  1142 | D:1      | 1142 ||| UPGRADING to +1 robe of willpower.
  1152 | D:1      | 1152 ||| DROPPING amulet of faith.
  1153 | D:1      | 1153 ||| READING 2 scrolls labelled MOHURENTEZ.
  1154 | D:1      | 1154 ||| READING scroll labelled BOATZIONAY.
  1155 | D:1      | 1155 ||| DRINKING 3 smoky white potions.
  1156 | D:1      | 1156 ||| DROPPING scroll of amnesia.
  1157 | D:1      | 1157 ||| DROPPING scroll of blinking.
  1196 | D:2      | Noticed Natasha
  1197 | D:2      | 1197 ||| STAIRDANCE
  1202 | D:1      | Reached XP level 3. HP: 20/21 MP: 7/7
  1221 | D:2      | 1221 ||| FLEEEEING.
  1222 | D:2      | 1222 ||| FLEEEEING.
  1223 | D:2      | 1223 ||| STAIRDANCE
  1241 | D:1      | 1241 ||| Stepping ~*~*~tactically~*~*~ (stealth).
  1374 | D:2      | HP: 3/21 [Natasha (4)]
  1376 | D:2      | Slain by Natasha

Levels and vault maps discovered:
D:1:      psy_arrival_basics, layout_loops_corners
D:2:      layout_rooms, basic_altar, uniq_natasha, uniq_terence

Skill      XL: |  1 |
---------------+----+-----
Axes           | 3 |  3.8
Fighting       | |  2.0
Throwing       | |  1.0
Armour         | |  1.1
Dodging        | |  2.1
Spellcasting   | |  2.0
Translocations | |  2.4

Action                   || total
-------------------------++-------
Melee: Hand axe          ||    49
       Kick              ||    10
       Peck              ||     7
Throw: Boomerang         ||     7
  Use: Scroll            ||     2
       Potion            ||     1
Armor: Leather armour    ||     9
       Robe              ||     3
Dodge: Dodged            ||    29

Table legend:
 A = Non-vault XP
 B = Vault XP
 C = Vault XP percentage of total XP
 D = Non-vault monster count
 E = Vault monster count
 F = Vault count percentage of total count
                 A         B        C        D         E       F
            +---------+---------+-------+---------+---------+-------
      Total |      39 |       0 |   0.0 |      24 |       0 |   0.0
            +---------+---------+-------+---------+---------+-------
        D:1 |      37 |       0 |   0.0 |      23 |       0 |   0.0
        D:2 |       2 |       0 |   0.0 |       1 |       0 |   0.0
            +---------+---------+-------+---------+---------+-------
